 Dungeon Crawl Stone Soup version 0.23.2-1-ga50397a (webtiles) character file.

Game seed: 4647469896044577802

6671 funkygono the Destroyer (level 10, -13/73 HPs)
             Began as a Grey Draconian Conjurer on May 25, 2019.
             Was an Elder of Vehumet.
             Mangled by a two-headed ogre
             ... wielding a cursed +0 giant club
              (27 damage)
             ... on level 10 of the Dungeon.
             The game lasted 00:39:54 (10790 turns).

funkygono the Destroyer (Grey Draconian Conjurer)  Turns: 10790, Time: 00:39:54

Health: -13/73     AC: 12    Str: 11    XL:     10   Next: 73%
Magic:  21/31      EV: 13    Int: 19    God:    Vehumet [****..]
Gold:   663        SH:  5    Dex: 11    Spells: 11/26 levels left

rFire    . . .     SeeInvis .   i - staff of earth (curse)
rCold    . . .     Gourm    .   t - +0 buckler
rNeg     + . .     Faith    .   (armour unavailable)
rPois    .         Spirit   .   (helmet restricted)
rElec    .         Reflect  .   (no cloak)
rCorr    .         Harm     .   (no gloves)
MR       .....                  (no boots)
Stlth    ++........             (no amulet)
HPRegen  0.22/turn              y - ring of positive energy
MPRegen  0.22/turn              a - ring of magical power

@: no status effects
A: walk through water, unfitting armour, unbreathing, cold-blooded, AC +12
a: Renounce Religion


You were on level 10 of the Dungeon.
You worshipped Vehumet.
Vehumet was greatly pleased with you.
You were not hungry.

You visited 2 branches of the dungeon, and saw 11 of its levels.

You collected 663 gold pieces.

Inventory:

Hand Weapons
 k - a +1 hunting sling of freezing
 n - a +3 flail of crushing
Missiles
 d - 176 stones (quivered)
Armour
 t - a +0 buckler (worn)
 A - a +2 large shield
Magical Staves
 i - a cursed staff of earth (weapon)
Jewellery
 a - a ring of magical power (right hand)
 f - an uncursed ring of ice
 y - a ring of positive energy (left hand)
Wands
 s - a wand of paralysis (6)
 v - a wand of iceblast (9)
 z - a wand of flame (39)
Scrolls
 j - 2 scrolls of amnesia
 m - 2 scrolls of teleportation
 r - a scroll of fog
 u - a scroll of remove curse
 w - 3 scrolls of blinking
 x - 4 scrolls of identify
 B - a scroll of summoning {unknown}
Potions
 c - a potion of heal wounds
 e - a potion of brilliance
 g - 4 potions of mutation
 h - 4 potions of lignification
 l - a potion of agility
 o - a potion of flight
 p - 2 potions of curing
 q - a potion of might
Comestibles
 b - 20 rations
 C - 3 chunks of flesh


   Skills:
 + Level 1.6 Fighting
 + Level 1.8 Maces & Flails
 + Level 4.3 Dodging
 + Level 2.5 Stealth
 * Level 5.0 Shields
 * Level 8.9 Spellcasting
 + Level 9.4 Conjurations
 + Level 2.8 Hexes
 * Level 3.9 Fire Magic
 + Level 3.6 Poison Magic
 * Level 2.4 Evocations


You had 11 spell levels left.
You knew the following spells:

 Your Spells              Type           Power        Failure   Level  Hunger
a - Magic Dart            Conj           ####         1%          1    None
b - Searing Ray           Conj           #####.       1%          2    None
c - Dazzling Spray        Conj/Hex       ####..       1%          3    None
d - Sting                 Conj/Pois      ####         1%          1    None
e - Flame Tongue          Conj/Fire      ####.        1%          1    None
f - Throw Flame           Conj/Fire      ####..       1%          2    None
g - Bolt of Draining      Conj/Necr      ####......   9%          5    #####..

Your spell library contained the following spells:

 Spells                   Type           Power        Failure   Level  Hunger
 Conjure Flame            Conj/Fire      ####....     1%          3    None
 Mephitic Cloud           Conj/Pois/Air  ####....     1%          3    None
 Fulminant Prism          Conj/Hex       ####......   1%          4    ###....
 Iskenderun's Mystic Bla  Conj           #####...     1%          4    ###....
 Confusing Touch          Hex            ###...       2%          1    None
 Slow                     Hex            ###.....     3%          2    None
 Force Lance              Conj/Tloc      ####....     3%          4    ###....
 Confuse                  Hex            ###.....     8%          3    None
 Animate Skeleton         Necr           N/A          9%          1    None
 Apportation              Tloc           #.....       9%          1    None
 Summon Small Mammal      Summ           #...         9%          1    None
 Blink                    Tloc           N/A          13%         2    None
 Call Imp                 Summ           #.......     13%         2    None
 Gell's Gravitas          Tloc           #.........   26%         3    None
 Yara's Violent Unravell  Hex/Tmut       ##........   30%         5    #####..
 Petrify                  Tmut/Erth      ##......     63%         4    ###....
 Metabolic Englaciation   Hex/Ice        ##........   77%         5    #####..


Dungeon Overview and Level Annotations

Branches:
Dungeon (10/15)            Temple (1/1) D:5
   Lair: D:8-11         Orc: D:9-12

Altars:
Ashenzari
Cheibriados
Dithmenos
Elyvilon
Fedhas
Gozag
Hepliaklqana
Kikubaaqudgha
Makhleb
Nemelex Xobeh
Okawaru
Qazlal
Ru
Sif Muna
Trog
Uskayaw
Vehumet
Wu Jian
Xom
Yredelemnul
Zin
The Shining One

Shops:
D:10 *

Annotations:
D:9 2 transporters, diana's ghost, novice DsGl


Innate Abilities, Weirdness & Mutations

You can walk through water.
Your dull iron-grey scales are very hard. (AC +12)
You cannot fit into any form of body armour.
You can survive without breathing.
You are cold-blooded and may be slowed by cold attacks.


Message History

The two-headed ogre hits you with a cursed +0 giant club!
The two-headed ogre misses you.
The searing ray hits the two-headed ogre!
The two-headed ogre is severely wounded.
You finish channeling your searing ray.
Casting: Searing Ray (safe; 1% risk of failure)
Confirm with . or Enter, or press ? or * to list all spells.
Aiming: Searing Ray (safe; 1% risk of failure)
Press: ? - help, Shift-Dir - straight line, f/p - two-headed ogre
Aim: a two-headed ogre, wielding two +0 giant clubs (severely wounded)
The searing ray hits the two-headed ogre.
The two-headed ogre is severely wounded. (Press . to maintain the ray.)
The two-headed ogre barely misses you.
The two-headed ogre hits you with a +0 giant club.
The searing ray misses the two-headed ogre.
The two-headed ogre hits you with a cursed +0 giant club!!
* * * LOW HITPOINT WARNING * * *
The two-headed ogre hits you with a +0 giant club!!
You die...

#.......... #......:...
#.......... #..........
#.....(.... #'##
######..#
#######...###.######
..........# #..O@..#
.......∩..########'###
....?................#
.......####..........#
)........##..........#
.......#..'...>......'...
......^####..........####
.......# #..........#
######## ###+########


You could see a two-headed ogre.

Vanquished Creatures
  A tengu warrior (D:10)
  An unseen horror (D:10)
  A deep elf mage (D:7)
  Prince Ribbit (D:7)
  Grum (D:8)
  Menkaure (D:7)
  2 water moccasins (D:8)
  An ice beast (D:9)
  2 orc warriors
  3 sky beasts
  A black bear (D:9)
  2 phantoms
  4 wolves (D:8)
  3 centaurs
  5 ogres
  A necrophage (D:9)
  4 bullfrogs
  A big kobold (D:9)
  3 scorpions
  8 killer bees
  4 wights (D:8)
  An electric eel (D:7)
  2 howler monkeys (D:9)
  A centaur zombie (D:10)
  5 crimson imps
  A centaur skeleton (D:5)
  A gnoll shaman (D:7)
  6 hounds
  7 orc priests
  A jelly (D:9)
  4 orc wizards
  Natasha (thrice) (D:3)
  2 iguanas
  9 worker ants
  2 hound zombies
  A hound skeleton (D:8)
  Robin (D:4)
  4 gnolls (D:7)
  15 adders
  2 shadow imps
  2 oozes
  2 adder skeletons (D:9)
  2 worms
  3 dart slugs
  5 leopard geckos
  36 orcs
  6 bats
  3 giant cockroaches
  14 goblins
  11 hobgoblins
  10 jackals
  5 kobolds
  2 quokkas (D:6)
  A ball python (D:1)
  6 frilled lizards
  A jackal skeleton (D:4)
  6 rats
233 creatures vanquished.

Notes
Turn   | Place    | Note
-------+----------+-------------------------------------------
     0 | D:1      | funkygono the Draconian Conjurer began the quest for the
                  | Orb.
     0 | D:1      | Reached XP level 1. HP: 14/14 MP: 3/3
   488 | D:1      | Reached XP level 2. HP: 13/20 MP: 0/5
   493 | D:1      | Learned a level 2 spell: Searing Ray
  1365 | D:1      | Reached XP level 3. HP: 26/26 MP: 3/6
  1755 | D:2      | Reached skill level 5 in Conjurations
  1763 | D:2      | Reached XP level 4. HP: 33/33 MP: 1/7
  1877 | D:2      | Found a basalt altar of Yredelemnul.
  2080 | D:2      | Learned a level 3 spell: Dazzling Spray
  2308 | D:3      | Noticed Natasha
  2312 | D:3      | Killed Natasha
  2459 | D:3      | Reached XP level 5. HP: 15/38 MP: 6/9
  2763 | D:3      | Found a glowing silver altar of Zin.
  2993 | D:3      | Found a radiant altar of Vehumet.
  2995 | D:3      | Found an iron altar of Okawaru.
  3002 | D:3      | Became a worshipper of Vehumet
  3132 | D:3      | Noticed Natasha
  3142 | D:3      | Killed Natasha
  3249 | D:3      | Noticed a black bear
  3460 | D:3      | Noticed Natasha
  3465 | D:3      | Killed Natasha
  3701 | D:4      | Reached XP level 6. HP: 45/45 MP: 11/11
  3708 | D:4      | Reached skill level 6 in Conjurations
  3968 | D:4      | Reached * piety under Vehumet
  3968 | D:4      | Offered knowledge of Sting by Vehumet.
  3971 | D:4      | Learned a level 1 spell: Sting
  3971 | D:4      | Noticed Robin
  3981 | D:4      | Killed Robin
  4100 | D:4      | Reached skill level 1 in Hexes
  4385 | D:4      | Your scales start taking on a dull iron-grey colour.
  4385 | D:4      | Reached XP level 7. HP: 51/51 MP: 13/13
  4385 | D:4      | Gained mutation: You can survive without breathing. [Grey
                  | Draconian growth]
  4386 | D:4      | Reached skill level 1 in Poison Magic
  4782 | D:5      | Entered Level 5 of the Dungeon
  4791 | D:5      | Reached skill level 5 in Spellcasting
  4802 | D:5      | Found a hazy altar of Hepliaklqana.
  4867 | D:5      | Reached skill level 7 in Conjurations
  5136 | D:5      | Reached XP level 8. HP: 58/58 MP: 7/16
  5234 | D:5      | Found a staircase to the Ecumenical Temple.
  5247 | Temple   | Entered the Ecumenical Temple
  5430 | D:5      | Reached skill level 1 in Shields
  5988 | D:5      | Found a deep blue altar of Sif Muna.
  6012 | D:5      | Reached skill level 1 in Maces & Flails
  6021 | D:5      | Found an opulent altar of Gozag.
  6103 | D:6      | Offered knowledge of Flame Tongue by Vehumet.
  6110 | D:6      | Reached ** piety under Vehumet
  6360 | D:6      | Learned a level 1 spell: Flame Tongue
  6401 | D:6      | Reached skill level 1 in Fighting
  6647 | D:6      | Reached skill level 8 in Conjurations
  7089 | D:7      | Reached XP level 9. HP: 54/64 MP: 18/18
  7109 | D:7      | Offered knowledge of Throw Flame by Vehumet.
  7115 | D:7      | Learned a level 2 spell: Throw Flame
  7577 | D:7      | Found a white marble altar of Elyvilon.
  7843 | D:7      | Noticed Prince Ribbit
  7854 | D:7      | Killed Prince Ribbit
  8032 | D:7      | Noticed Menkaure
  8037 | D:7      | Killed Menkaure
  8037 | D:7      | Reached skill level 1 in Fire Magic
  8131 | D:7      | Noticed a deep elf mage
  8139 | D:7      | Killed a deep elf mage
  8228 | D:8      | Reached *** piety under Vehumet
  8714 | D:8      | Offered knowledge of Ignite Poison by Vehumet.
  8729 | D:8      | Reached XP level 10. HP: 44/71 MP: 6/21
  8869 | D:8      | Noticed Grum
  8897 | D:8      | Reached skill level 9 in Conjurations
  8907 | D:8      | Killed Grum
  9329 | D:8      | Reached skill level 1 in Evocations
  9666 | D:9      | Found a transporter.
  9798 | D:9      | Reached **** piety under Vehumet
  9908 | D:9      | Found a transporter.
  9910 | D:9      | Noticed diana's ghost (novice DsGl)
  9995 | D:9      | Offered knowledge of Bolt of Draining by Vehumet.
 10002 | D:9      | Learned a level 5 spell: Bolt of Draining
 10072 | D:10     | Entered Level 10 of the Dungeon
 10390 | D:10     | Killed an unseen horror
 10499 | D:10     | Noticed a tengu warrior
 10514 | D:10     | Killed a tengu warrior
 10668 | D:10     | Reached skill level 5 in Shields
 10728 | D:10     | Found Akobe's General Store.
 10774 | D:10     | Noticed a two-headed ogre
 10790 | D:10     | Mangled by a two-headed ogre

Skill      XL: |  1  2  3  4  5  6  7  8  9 10 |
---------------+-------------------------------+-----
Dodging        | 2 3 4 |  4.3
Conjurations   | 5 6 7 8 9 |  9.4
Spellcasting   | 3 4 5 6 7 8 |  8.9
Stealth        | 2 |  2.5
Hexes          | 1 2 |  2.8
Poison Magic   | 1 2 3 |  3.6
Shields        | 2 4 5 |  5.0
Maces & Flails | 1 |  1.8
Fighting       | 1 |  1.6
Fire Magic     | 3 |  3.9
Evocations     | 2 |  2.4

Action                   |  1- 3 |  4- 6 |  7- 9 | 10-12 || total
-------------------------+-------+-------+-------+-------++-------
Melee: Unarmed           |     6 |       |       |       ||     6
       Club              |     3 |       |       |       ||     3
       Flail             |       |    27 |   101 |       ||   128
       Tailslap          |       |     3 |    10 |     3 ||    16
       Staff             |       |       |       |    19 ||    19
Throw: Stone             |       |       |     1 |       ||     1
 Cast: Magic Dart        |    82 |    75 |   114 |    13 ||   284
       Searing Ray       |       |    19 |    31 |    19 ||    69
       Dazzling Spray    |       |    10 |    35 |    18 ||    63
       Sting             |       |     8 |    59 |    30 ||    97
       Flame Tongue      |       |       |    14 |    31 ||    45
       Throw Flame       |       |       |    21 |    37 ||    58
       Bolt of Draining  |       |       |       |     1 ||     1
  Use: Scroll            |     3 |    10 |     6 |     2 ||    21
       Potion            |       |     1 |     1 |     1 ||     3
  Eat: Chunk             |     4 |     9 |    15 |     5 ||    33
       Ration            |       |       |       |     1 ||     1
Armor: Skin              |    24 |    19 |   111 |    60 ||   214
Dodge: Dodged            |    52 |    48 |   148 |    79 ||   327
Block: Buckler           |       |       |    48 |    25 ||    73
